 Dungeon Crawl Stone Soup version 0.30-a0-1114-gd936c97349 (webtiles) character file.

Game seed: 11852215872201296816

134932 voltaire321 the Peltast (level 16, -1/149 HPs)
             Began as a Minotaur Fighter on Apr 20, 2023.
             Was the Champion of Makhleb.
             Slain by an alligator (19 damage)
             ... on level 3 of the Swamp.
             The game lasted 01:13:44 (28387 turns).

voltaire321 the Peltast (Minotaur Fighter)         Turns: 28387, Time: 01:13:45

Health: -1/149     AC: 24    Str: 28      XL:     16   Next: 63%
Magic:  23/23      EV: 23    Int:  3 (7)  God:    Makhleb [******]
Gold:   1694       SH: 24    Dex: 11      Spells: 15/15 levels left

rFire   . . .      SeeInvis +    a - +1 war axe (elec)
rCold   . . .      Faith    .    O - +0 tower shield {rPois}
rNeg    . . .      Spirit   .    e - +4 scale mail
rPois   +          Reflect  +    c - +3 crown of Dyrovepreva {rElec Int+2 SInv}
rElec   +          Rampage  +    y - +0 cloak
rCorr   .                        J - +0 pair of gloves
Will    +....                    W - +2 pair of boots {rampage} Stlth
                                 L - amulet of reflection
HPRegen 0.44/turn                b - +5 ring of evasion
MPRegen 0.18/turn                g - +5 ring of evasion

@: lethally poisoned (-1 -> -3), about to teleport, studying Shields
A: horns 2, retaliatory headbutt
a: Renounce Religion, Minor Destruction, Lesser Servant of Makhleb, Major
Destruction, Greater Servant of Makhleb


You were on level 3 of the Swamp.
You worshipped Makhleb.
Makhleb was exalted by your worship.
You visited 5 branches of the dungeon, and saw 26 of its levels.

You collected 2599 gold pieces.
You spent 905 gold pieces at shops.

Inventory:

Hand Weapons
 a - a +1 war axe of electrocution (weapon)
 q - the +5 flail of Cakarouv {drain, rPois rF+ Int-2}
   (You found it on level 3 of the Dungeon)

   Int:       It affects your intelligence (-2).
   rF:        It protects you from fire.
   rPois:     It protects you from poison.
Missiles
 n - 6 throwing nets
 s - 16 boomerangs (quivered)
 u - 6 silver javelins
 K - 2 curare-tipped darts
Armour
 c - the +3 crown of Dyrovepreva (worn) {rElec Int+2 SInv}
   (You bought it in a shop on level 1 of the Orcish Mines)

   Int:       It affects your intelligence (+2).
   rElec:     It insulates you from electricity.
   SInv:      It lets you see invisible.
 e - a +4 scale mail (worn)
 m - the +5 tower shield of the Orange {Str+4 SInv}
   (You acquired it on level 3 of the Lair of Beasts)

   Str:       It affects your strength (+4).
   SInv:      It lets you see invisible.
 y - a +0 cloak (worn)
 J - a +0 pair of gloves (worn)
 O - a +0 tower shield of poison resistance (worn)
 W - a +2 pair of boots of rampaging (worn)
Jewellery
 b - a +5 ring of evasion (left hand)
 g - a +5 ring of evasion (right hand)
 l - a ring of protection from cold
 v - an amulet of regeneration
 C - a ring of resist corrosion
 L - an amulet of reflection (around neck)
 N - a +6 ring of dexterity
 S - a ring of wizardry
 U - a ring of poison resistance
 X - an amulet of the acrobat
Wands
 p - a wand of digging (12)
 x - a wand of polymorph (1)
 D - a wand of quicksilver (8)
 M - a wand of flame (21)
 Q - a wand of roots (20)
Scrolls
 f - 8 scrolls of amnesia
 j - 2 scrolls of blinking
 k - 2 scrolls of brand weapon
 r - 12 scrolls of teleportation
 w - 6 scrolls of magic mapping
 E - 10 scrolls of identify
 P - a scroll of fog
 T - a scroll of enchant weapon
Potions
 d - 5 potions of might
 h - 5 potions of curing
 i - 2 potions of lignification
 o - 3 potions of flight
 t - 4 potions of haste
 z - 4 potions of cancellation
 A - 4 potions of brilliance
 B - a potion of mutation
 F - 3 potions of resistance
 G - 4 potions of magic
 H - a potion of berserk rage
 I - 12 potions of ambrosia
 R - 2 potions of invisibility
Miscellaneous
 V - a phantom mirror


   Skills:
 + Level 15.1 Fighting
 + Level 14.9 Axes
 + Level 15.3 Armour
 + Level 13.3 Dodging
 + Level 17.1 Shields
 + Level 11.4 Invocations


You had 15 spell levels left.
You didn't know any spells.
Your spell library contained the following spells:

 Spells                   Type           Power      Damage    Failure   Level
 Apportation              Tloc           0%         N/A       97%         1
 Kiss of Death            Conj/Necr      0%         2d5       97%         1
 Magic Dart               Conj           0%         1d3       97%         1
 Necrotise                Necr           0%         1d4       97%         1
 Summon Small Mammal      Summ           0%         N/A       97%         1
 Call Imp                 Summ           0%         N/A       99%         2
 Ensorcelled Hibernation  Hex/Ice        0%         N/A       99%         2
 Searing Ray              Conj           0%         2d4       99%         2
 Static Discharge         Conj/Air       0%         2-2/arc   99%         2
 Confusing Touch          Hex            0%         N/A       100%        3
 Frozen Ramparts          Ice            0%         1d1       100%        3
 Inner Flame              Hex/Fire       0%         N/A       100%        3
 Mephitic Cloud           Conj/Pois/Air  0%         N/A       100%        3
 Spider Form              Tmut/Pois      0%         N/A       100%        3
 Airstrike                Air            0%         2d(0-16)  100%        4
 Anguish                  Hex/Necr       0%         N/A       100%        4
 Dispel Undead            Necr           0%         3d6       100%        4
 Flame Wave               Conj/Fire      0%         2d4       100%        4
 Fulminant Prism          Conj/Hex       0%         3d5       100%        4
 Ice Form                 Ice/Tmut       0%         N/A       100%        4
 Sticky Flame             Conj/Fire      0%         2d3       100%        4
 Summon Ice Beast         Ice/Summ       0%         N/A       100%        4
 Summon Lightning Spire   Summ/Air       0%         N/A       100%        4


Dungeon Overview and Level Annotations

Branches:
Dungeon (15/15)            Temple (1/1) D:6            Lair (5/5) D:10
  Swamp (3/4) Lair:2       Spider (0/4) Lair:2        Slime (0/5) Lair:5
    Orc (2/2) D:12            Elf (0/3) Orc:2        Vaults (0/5) D:13
 Depths (0/4) D:15

Altars:
Ashenzari
Cheibriados
Dithmenos
Elyvilon
Fedhas
Gozag
Hepliaklqana
Kikubaaqudgha
Makhleb
Nemelex Xobeh
Okawaru
Qazlal
Ru
Sif Muna
Trog
Uskayaw
Vehumet
Wu Jian
Xom
Yredelemnul
Zin
The Shining One
Jiyva

Shops:
D:4 =   D:5 [   D:10 [   D:13 *   D:14 :   Orc:1 [   Orc:2 [*(:

Portals:
Trove: D:13 (give +2 gold dragon scales)

Annotations:
Lair:5 exclusion: obsidian statue


Innate Abilities, Weirdness & Mutations

You have a pair of horns on your head.
You reflexively headbutt those who attack you in melee.


Message History

You hit the alligator.
Lightning courses through the alligator!!
You feel sick. The fenstrider witch hits you!
You block the fenstrider witch's attack.
The alligator completely misses you. x2
As you read the scroll of teleportation, it crumbles to dust.
You feel strangely unstable.
You feel sick.
The fenstrider witch casts a spell at you.
The toxic sludge hits you!
You are more poisoned.
You partially resist.
Splash!
You fall into the toxic bog.
Moving in this stuff is going to be slow.
You block the alligator's attack. x2
You slash the fenstrider witch! You headbutt the fenstrider witch!
The fenstrider witch is heavily wounded.
You closely miss the alligator.
You fester in the toxic bog.
You partially resist.
You are more poisoned.
You feel very sick.
You block the fenstrider witch's attack.
The fenstrider witch completely misses you.
You block the alligator's attack. The alligator misses you.
The fenstrider witch gestures at you while chanting.
Your body is wracked with pain!
* * * LOW HITPOINT WARNING * * *
Okay, then.
Okay, then.
You feel better.
You fester in the toxic bog!
You partially resist.
You are poisoned.
You feel sick. You block the alligator's attack. x2
The fenstrider witch hits you but does no damage.
The fenstrider witch closely misses you.
You slash the fenstrider witch!
Lightning courses through the fenstrider witch!
The fenstrider witch is almost dead.
You slash the alligator!
Lightning courses through the alligator!
You feel sick. The alligator bites you!!
You die...

♣♣♣♣♣♣.~~~~.....
♣♣..♣~..~§~~~.~.
♣♣§....~.~~~~~.♣♣
♣♣~~...~~...~~...♣♣
♣~<..♣~..~♣.~~....♣♣
♣♣...♣~..§.....~~~..♣♣♣
♣.~~.~~.♣~.~~...~~~..~♣
♣~~~...~~♣♣.~~..~~~..§♣
♣♣~♣♣♣♣~@~♣♣.~..~~~..~♣..
♣ ♣.tH.~♣..[~~~~.....~
♣~....~~♣♣♣♣~~§~~.~~.~
♣~~§..~..♣♣~~~~~~.~~~.
..........♣♣.~~~~~.~~~~
♣...~~~~~~.♣♣.~~~~~~~§~~
♣~.~~~~~~~♣♣♣♣.~~~~~~~~.
♣♣.~~~~~~.♣♣♣~~~§~~~~~~.
♣♣..~~~~~~~~~.


You could see an alligator (swift) and a fenstrider witch.

Vanquished Creatures
  Mlioglotl (Swamp:1)
  A thorn hunter (Swamp:1)
  Donald (Swamp:1)
  An orc warlord (Orc:2)
  An ironbound preserver (D:13)
  3 bunyips
  4 dire elephants
  Snorg (Lair:5)
  Harold (Lair:1)
  10 hydras
  The ghost of scionoferis the Slicer, a journeyman VSFi of Uskayaw (D:11)
  6 boulder beetles
  A ghost crab (Swamp:1)
  2 two-headed ogres (D:9)
  7 death yaks
  3 centaur warriors
  A tengu warrior (D:13)
  2 alligators
  An orc high priest (Orc:2)
  Urug (Lair:3)
  A spectral dire elephant (Lair:5)
  2 spectral death yaks (Lair:5)
  Amaemon (Lair:3)
  3 goliath frogs
  A skyshark (Lair:2)
  A death drake (Swamp:2)
  A wizard (D:12)
  A spriggan druid (Swamp:2)
  3 swamp dragons (Swamp:2)
  Pikel (D:8)
  A deep elf pyromancer (D:12)
  3 bog bodies
  3 lindwurms
  7 ugly things
  7 orc knights
  3 orc sorcerers (Orc:2)
  3 necromancers (Lair:5)
  5 manticores
  A salamander (D:15)
  5 cyclopes
  A salamander (shapeshifter) (D:15)
  4 black mambas
  A dire elephant zombie (Lair:5)
  25 elephants
  A gargoyle (D:12)
  15 cane toads
  A torpor snail (Lair:1)
  A cane toad (shapeshifter) (D:13)
  An unseen horror (D:12)
  An orange demon (Lair:3)
  A rime drake (Lair:1)
  10 komodo dragons
  2 efreet
  A kobold demonologist (D:10)
  3 yaktaurs (D:15)
  A tengu conjurer (D:13)
  4 tyrant leeches
  2 queen bees
  10 trolls
  4 blink frogs (Lair:5)
  A tarantella (shapeshifter) (D:15)
  A bloated husk (Swamp:1)
  2 polar bears
  A wind drake (shapeshifter) (D:13)
  2 spectral elephants (Lair:5)
  Grinder (D:6)
  3 hornets
  2 jumping spiders (Lair:2)
  11 slime creatures
  An air elemental (D:13)
  3 spriggans (Swamp:2)
  5 wyverns
  2 shadows (D:10)
  4 basilisks
  A wraith (D:12)
  A vampire (D:9)
  29 yaks
  2 redbacks (Lair:2)
  A steam dragon (D:9)
  14 vampire mosquitoes
  7 wargs
  A death yak simulacrum (Lair:5)
  An acid dragon (D:11)
  5 swamp worms
  12 water moccasins
  4 ice beasts
  2 swamp drakes (Swamp:1)
  3 sky beasts (D:13)
  2 black bears (Lair:1)
  20 orc warriors
  An elephant zombie (Lair:5)
  4 ogres
  17 wolves
  An elephant skeleton (Lair:5)
  6 centaurs
  A lemure (D:8)
  3 kobold brigands
  13 bullfrogs
  2 gnoll sergeants
  4 scorpions
  3 cane toad simulacra (Lair:5)
  9 wights
  28 killer bees
  6 electric eels
  5 howler monkeys
  A jelly (D:5)
  7 hounds
  A gnoll bouda (D:8)
  17 orc priests
  A sleepcap (D:5)
  6 iguanas
  21 orc wizards
  18 gnolls
  4 adders
  2 white imps
  2 ufetubi (D:6)
  A worm (D:4)
  A dart slug (D:2)
  48 orcs
  7 ball pythons
  8 bats
  12 endoplasms
  4 giant cockroaches
  6 goblins
  10 hobgoblins
  14 kobolds
  6 quokkas
  7 frilled lizards
  5 rats
  5 briar patches (Swamp:1)
652 creatures vanquished.

Vanquished Creatures (collateral kills)
  Rupert (Lair:5)
1 creature vanquished.

Vanquished Creatures (others)
  A bloated husk (Swamp:2)
  A vampire mosquito (D:12)
  An orc wizard (Orc:2)
  An orc (Orc:2)
  22 fungi
  81 plants
  24 withered plants (Lair:5)
131 creatures vanquished.

Grand Total: 784 creatures vanquished

Notes
Turn   | Place    | Note
-------+----------+-------------------------------------------
     0 | D:1      | voltaire321 the Minotaur Fighter began the quest for the
                  | Orb.
     0 | D:1      | Reached XP level 1. HP: 19/19 MP: 0/0
   136 | D:1      | Reached XP level 2. HP: 25/27 MP: 1/1
   644 | D:1      | Reached skill level 1 in Dodging
   961 | D:2      | Reached skill level 4 in Shields
   984 | D:2      | Reached XP level 3. HP: 33/33 MP: 2/2
  1249 | D:2      | Found a stormy altar of Qazlal.
  1397 | D:2      | Found a faded altar of an unknown god.
  1569 | D:3      | Reached XP level 4. HP: 40/40 MP: 3/3
  1586 | D:3      | Found a shimmering altar of Xom.
  1607 | D:3      | Identified the +5 flail of Cakarouv {drain, rPois rF+
                  | Int-2}
  1937 | D:3      | Found a stormy altar of Qazlal.
  1966 | D:3      | Found an opulent altar of Gozag.
  2064 | D:4      | Noticed a scorpion
  2076 | D:4      | Killed a scorpion
  2077 | D:4      | Reached XP level 5. HP: 44/47 MP: 4/4
  2399 | D:4      | Reached XP level 6. HP: 47/55 MP: 5/5
  2440 | D:4      | Reached skill level 5 in Fighting
  2440 | D:4      | Reached skill level 5 in Shields
  2478 | D:4      | Reached skill level 5 in Armour
  2579 | D:4      | Found Zulit's Jewellery Shop.
  3504 | D:5      | Entered Level 5 of the Dungeon
  3606 | D:5      | Reached XP level 7. HP: 59/61 MP: 6/6
  4340 | D:5      | Reached skill level 5 in Axes
  4475 | D:5      | Found Vareit's Antique Armour Emporium.
  4551 | D:6      | Found a staircase to the Ecumenical Temple.
  4674 | D:6      | Reached skill level 6 in Shields
  4702 | Temple   | Entered the Ecumenical Temple
  4930 | Temple   | Reached XP level 8. HP: 37/70 MP: 7/7
  5366 | D:6      | Noticed Grinder
  5387 | D:6      | Killed Grinder
  5388 | D:6      | Reached skill level 5 in Dodging
  5441 | D:6      | Found a glowing golden altar of the Shining One.
  5461 | D:6      | Found a sacrificial altar of Ru.
  5869 | D:7      | Reached skill level 7 in Shields
  6080 | D:7      | Found a burning altar of Makhleb.
  6096 | D:7      | Became a worshipper of Makhleb the Destroyer
  6220 | D:7      | Reached XP level 9. HP: 79/79 MP: 8/8
  6913 | D:7      | Reached skill level 1 in Invocations
  7989 | D:8      | Reached * piety under Makhleb
  8014 | D:8      | Reached skill level 8 in Shields
  8137 | D:8      | Found an ornate altar of the Wu Jian Council.
  8149 | D:8      | Noticed Pikel
  8166 | D:8      | Killed Pikel
  8331 | D:8      | Found a shadowy altar of Dithmenos.
  8654 | D:8      | Reached XP level 10. HP: 90/90 MP: 11/11
  8953 | D:9      | Noticed a two-headed ogre
  9082 | D:9      | Found an ancient bone altar of Kikubaaqudgha.
  9557 | D:9      | Killed a two-headed ogre
  9980 | D:9      | Noticed a two-headed ogre
  9988 | D:9      | Killed a two-headed ogre
  9989 | D:9      | Reached skill level 9 in Shields
 10034 | D:9      | Found a broken altar of Ashenzari.
 10293 | D:10     | Entered Level 10 of the Dungeon
 10700 | D:10     | Found a staircase to the Lair.
 10717 | D:10     | Reached ** piety under Makhleb
 10718 | D:10     | Reached XP level 11. HP: 38/97 MP: 13/13
 11010 | D:10     | Found Ciklakh's Antique Armour Shoppe.
 11015 | D:10     | Bought a glowing tower shield for 202 gold pieces
 11452 | Lair:1   | Entered Level 1 of the Lair of Beasts
 11476 | Lair:1   | Reached skill level 5 in Invocations
 11741 | Lair:1   | Reached skill level 10 in Fighting
 11749 | Lair:1   | Reached skill level 10 in Shields
 11878 | Lair:1   | Reached skill level 10 in Armour
 11924 | Lair:1   | Noticed Harold
 12043 | Lair:1   | Noticed a boulder beetle
 12192 | D:10     | Killed a boulder beetle
 12209 | Lair:1   | Killed Harold
 12305 | Lair:1   | Reached skill level 10 in Axes
 12319 | Lair:1   | Reached *** piety under Makhleb
 12648 | Lair:1   | Noticed a lindwurm
 12658 | Lair:1   | Killed a lindwurm
 12680 | Lair:1   | Noticed a lindwurm
 12691 | Lair:1   | Killed a lindwurm
 13282 | Lair:2   | Reached XP level 12. HP: 108/108 MP: 15/15
 13488 | Lair:2   | Found a hole to the Spider Nest.
 13887 | Lair:2   | Found a staircase to the Swamp.
 13903 | Lair:2   | Reached skill level 11 in Shields
 14507 | Lair:3   | Identified 3 scrolls of acquirement
 14507 | Lair:3   | Acquired the +5 tower shield of the Orange {Str+4 SInv}
 14549 | Lair:3   | Noticed Amaemon
 14562 | Lair:3   | Killed Amaemon
 14660 | Lair:3   | Noticed a seven-headed hydra
 14670 | Lair:3   | Killed a seven-headed hydra
 14837 | Lair:3   | Noticed Urug
 14851 | Lair:3   | Killed Urug
 15122 | Lair:3   | Found a dark tunnel.
 15508 | Lair:3   | Reached skill level 10 in Dodging
 15858 | Lair:4   | Noticed a five-headed hydra
 15866 | Lair:4   | Killed a five-headed hydra
 15996 | Lair:4   | Reached XP level 13. HP: 116/117 MP: 17/17
 16484 | Lair:4   | Reached skill level 12 in Shields
 16786 | Lair:4   | Reached **** piety under Makhleb
 17010 | Lair:5   | Entered Level 5 of the Lair of Beasts
 17406 | Lair:5   | Noticed a dire elephant
 17406 | Lair:5   | Noticed a dire elephant
 17406 | Lair:5   | Noticed a dire elephant
 17424 | Lair:5   | Killed a dire elephant
 17758 | Lair:5   | Found a viscous altar of Jiyva.
 17759 | Lair:5   | Found a staircase to the Slime Pits.
 17780 | Lair:5   | Noticed Snorg
 17793 | Lair:5   | Killed Snorg
 17920 | Lair:5   | Reached ***** piety under Makhleb
 18228 | Lair:5   | Noticed Rupert
 18253 | Lair:5   | Acquired a +0 pair of boots of rampaging
 18260 | Lair:5   | Acquired a manual of Shields
 18395 | Lair:5   | Killed Rupert
 18548 | Lair:5   | Reached skill level 13 in Shields
 18548 | Lair:5   | Reached XP level 14. HP: 127/127 MP: 19/19
 19146 | Lair:5   | Reached XP level 15. HP: 136/136 MP: 19/21
 19176 | Lair:5   | Reached skill level 14 in Shields
 20349 | D:11     | Noticed scionoferis's ghost (journeyman VSFi)
 20361 | D:11     | Found a transporter.
 20568 | D:11     | Found a transporter.
 20605 | D:11     | Killed scionoferis's ghost
 20751 | D:12     | Found the +10 zealot's sword {holy, Zealotry, *Rage rN+
                  | EV+3}
 20751 | D:12     | You fall into a shaft and drop 1 floor!
 20788 | D:13     | Reached skill level 10 in Invocations
 21002 | D:13     | Paralysed by an air elemental for 1 turns
 21205 | D:12     | Found a staircase to the Orcish Mines.
 21294 | D:12     | Reached skill level 15 in Shields
 21857 | Orc:1    | Entered Level 1 of the Orcish Mines
 21943 | Orc:1    | Reached ****** piety under Makhleb
 22120 | Orc:1    | Found Lurghed's Armour Emporium.
 22336 | Orc:2    | Entered Level 2 of the Orcish Mines
 22422 | Orc:2    | Found a staircase to the Elven Halls.
 23459 | Orc:2    | Found Ocuepo's General Store.
 23467 | Orc:2    | Found Oraycvy's Antique Armour Shop.
 23472 | Orc:2    | Found Nuriogge's Antique Weapon Shop.
 23477 | Orc:2    | Found Feopysa's Book Shop.
 23701 | Orc:1    | Bought the +3 crown of Dyrovepreva {rElec Int+2 SInv} for
                  | 703 gold pieces
 23701 | Orc:1    | Found the +3 crown of Dyrovepreva {rElec Int+2 SInv}
 23812 | D:13     | Found Yghump's Assorted Antiques.
 24104 | D:13     | Found a gate to the Vaults.
 24137 | D:13     | Found a portal to a secret trove of treasure.
 24394 | D:14     | Found Uloekhump's Book Emporium.
 24401 | D:14     | Reached XP level 16. HP: 147/147 MP: 23/23
 24592 | D:14     | Reached skill level 16 in Shields
 24818 | D:14     | Found a stormy altar of Qazlal.
 25054 | D:15     | Entered Level 15 of the Dungeon
 25695 | D:15     | Found a staircase to the Depths.
 26146 | Swamp:1  | Entered Level 1 of the Swamp
 26268 | Swamp:1  | Reached skill level 15 in Armour
 26353 | Swamp:1  | Noticed Donald
 26493 | Swamp:1  | Noticed a thorn hunter
 26507 | Swamp:1  | Killed a thorn hunter
 26595 | Swamp:1  | Noticed Mlioglotl
 26634 | Swamp:1  | Killed Donald
 26857 | Swamp:1  | Noticed a bone dragon
 26874 | Swamp:1  | Killed Mlioglotl
 26875 | Swamp:1  | Reached skill level 15 in Fighting
 27284 | Swamp:2  | Reached skill level 17 in Shields
 28378 | Swamp:3  | Paralysed by a fenstrider witch for 4 turns
 28387 | Swamp:3  | Slain by an alligator

Illustrated notes

Levels and vault maps discovered:
D:1:      nicolae_arrival_memento_mori, layout_basic, serial_forest,
          infiniplex_forest_lined_2, infiniplex_forest_end_3,
          infiniplex_forest_straight_3, infiniplex_forest_clump_curved,
          infiniplex_forest_end_3, infiniplex_forest_clump_small,
          hangedman_decor_clover_reticule
D:2:      layout_basic, basic_altar, basic_ecumenical_altar
D:3:      layout_rooms, lemuel_crystal_altar, grunt_gozag_breadcrumbs,
          mainiacjoe_overflow_six_doors_small, minmay_statues_item
D:4:      kennysheep_spiral_hall, layout_layer_cave, serial_shops,
          nicolae_shop_statue_plus
D:5:      layout_gridville, serial_shops, nicolae_shop_overgrown_old_shop
D:6:      layout_basic, amethyst_overflow_temple_binary, temple_statues,
          uniq_grinder
D:7:      layout_loops_cross, mainiacjoe_overflow_paths, serial_bayou,
          serial_bayou_lagoon_a, serial_bayou_shore_b, serial_bayou_shore_b,
          serial_bayou_pond_c
D:8:      layout_basic, mainiacjoe_overflow_alcove_2, nzn_wu_jian_contemplation,
          uniq_pikel
D:9:      layout_gridville, amcnicky_altar_gilded,
          mainiacjoe_overflow_cross_hatched, hangedman_decor_diamond_cutter
D:10:     layout_basic, erik_lair_island, serial_shops,
          nicolae_shop_hallway_stairs
D:11:     layout_rooms, gammafunk_ghost_hive, nicolae_kite_square_tiling_tiny
D:12:     layout_loops_ring, orc_0_dummy, minmay_checkerbox
D:13:     layout_roguey, skrybe_vaults_entry_preservation, enter_trove_2,
          serial_shops, nicolae_shop_overgrown_old_shop, columned_hall_lemuel,
          library_closet, dreamdust_looks_like_rain
D:14:     layout_gridville, minmay_strange_pillars, serial_shops, shop,
          grunt_qazlal_sundering
D:15:     hangedman_depths_entry_try_elsewhere_first, layout_gridville,
          minmay_misc_feat_four_crosses, mumra_transporter_accident,
          nicolae_wwwww, hangedman_abyss_or_decor_stabs, drop_trap,
          minmay_crystal_room
Temple:   hc_temple_tempest_star
Lair:1:   layout_cave_pods, special_room [special_room_bee],
          nicolae_lair_lindhole, grunt_megastairs_4, uniq_harold
Lair:2:   layout_loops_ring, nicolae_swamp_entry_splash_gauntlet,
          spider_nest_entry_a
Lair:3:   layout_regular_city, nicolae_volcano_entry_lava_flow, uniq_amaemon,
          uniq_urug
Lair:4:   layout_cave_pods, st_stairs_10, serial_bayou_crossing,
          grunt_megastairs_1
Lair:5:   due_jungle_book, layout_regular_city, slime_entry_1, uniq_rupert,
          uniq_snorg
Swamp:1:  layout_basic_swamp, hangedman_swamp_pad, uniq_donald, uniq_mlioglotl
Swamp:2:  layout_basic_swamp, evilmike_swamp_ruin_house_2, swamp_pool3,
          infiniplex_staircase_pool
Swamp:3:  layout_basic_swamp, nicolae_swamp_round_clearing
Orc:1:    layout_caves, serial_shops, nicolae_shop_advertising_works
          [nicolae_subvault_shop_adworks], nicolae_orc_lava_room
Orc:2:    grunt_orc_cross, layout_diamond_mine, minmay_orc_temple_b

Skill      XL: |  1  2  3  4  5  6  7  8  9 10 11 12 13 14 15 16 |
---------------+-------------------------------------------------+-----
Dodging        | 1 2 3 4 5 6 7 8 10 11 12 13 | 13.3
Fighting       | 4 5 6 7 8 9 10 11 12 13 14 15 | 15.1
Shields        | 4 5 6 7 8 9 10 11 13 15 17 | 17.1
Armour         | 4 5 6 7 8 9 10 11 12 13 14 15 | 15.3
Axes           | 3 4 5 6 7 9 10 11 12 13 14 | 14.9
Invocations    | 3 4 6 7 9 10 11 | 11.4

Action                     |  1- 3 |  4- 6 |  7- 9 | 10-12 | 13-15 | 16-18 || total
---------------------------+-------+-------+-------+-------+-------+-------++-------
  Melee: War axe           |    93 |   126 |   264 |   461 |   262 |   358 ||  1564
         Headbutt          |    14 |    16 |    40 |   144 |   287 |   108 ||   609
         Flail             |       |       |       |   121 |   791 |       ||   912
  Throw: Javelin           |       |       |     6 |       |       |       ||     6
         Boomerang         |       |       |    22 |    40 |     9 |     3 ||    74
 Invoke: Minor Destruction |       |       |       |     2 |       |       ||     2
         Major Destruction |       |       |       |       |       |     1 ||     1
  Evoke: Wand              |       |       |     2 |     3 |       |       ||     5
         Phantom mirror    |       |       |       |       |     1 |       ||     1
    Use: Scroll            |       |       |     6 |    10 |    21 |     3 ||    40
         Potion            |       |       |     2 |     1 |     1 |     1 ||     5
   Stab: Petrified         |       |       |       |       |     1 |       ||     1
         Confused          |       |       |       |       |       |     2 ||     2
 Armour: Scale mail        |    47 |    56 |   148 |   257 |   322 |   160 ||   990
  Dodge: Dodged            |    47 |    76 |   178 |   446 |   484 |   363 ||  1594
  Block: Buckler           |    22 |    27 |    64 |    83 |       |       ||   196
         Reflection        |       |       |       |     4 |    19 |    16 ||    39
         Tower shield      |       |       |       |   724 |  1549 |   527 ||  2800

Table legend: (Time is in decaauts)
 A = Elapsed time spent in this place.
 B = Non-inter-level travel time spent in this place.
 C = Inter-level travel time spent in this place.
 D = Time resting spent in this place.
 E = Time spent auto-exploring this place.
 F = Levels seen in this place.
 G = Mean time per level.
                   A        B        C        D        E       F      G
               +--------+--------+--------+--------+--------+-----+--------+
         Total |  29101 |  27622 |   1479 |   5823 |  14671 |  26 | 1119.3 |
       Dungeon |  15849 |  15003 |    846 |   2474 |   9191 |  15 | 1056.6 |
        Temple |    366 |    366 |      0 |    134 |    183 |   1 |  366.0 |
          Lair |   8633 |   8159 |    474 |   1981 |   3716 |   5 | 1726.6 |
         Swamp |   2335 |   2335 |      0 |    993 |    793 |   3 |  778.3 |
  Orcish Mines |   1915 |   1758 |    157 |    241 |    788 |   2 |  957.5 |
               +--------+--------+--------+--------+--------+-----+--------+

Top non-repeatable levels by time:
  Lair:5: 2835 daAuts
     D:7: 1801 daAuts
  Lair:1: 1792 daAuts
    D:10: 1619 daAuts
     D:9: 1469 daAuts
     D:4: 1466 daAuts
     D:8: 1445 daAuts
  Lair:2: 1396 daAuts
  Lair:4: 1347 daAuts
  Lair:3: 1261 daAuts
   Orc:2: 1248 daAuts
 Swamp:2: 1184 daAuts
 Swamp:1: 1084 daAuts
     D:5: 1028 daAuts
     D:1: 974 daAuts
